 Dungeon Crawl Stone Soup version 0.21-a0-122-g43b3ea6 (webtiles) character file.

330 HAL9000 the Ruffian (level 6, -12/47 HPs)
             Began as a Draconian Transmuter on July 9, 2017.
             Was an Initiate of Kikubaaqudgha.
             Mangled by an iguana (14 damage)
             ... on level 5 of the Dungeon on July 13, 2017.
             The game lasted 00:10:33 (5456 turns).

HAL9000 the Ruffian (Draconian Transmuter)          Turns: 5456, Time: 00:10:34

Health: -12/47     AC:  6    Str: 13    XL:     6   Next: 26%
Magic:  2/9        EV: 12    Int: 14    God:    Kikubaaqudgha [......]
Gold:   132        SH:  0    Dex: 12    Spells: 3/9 levels left

rFire    + . .     SeeInvis .     - Unarmed
rCold    x . .     Gourm    .   (no shield)
rNeg     . . .     Faith    .   (armour unavailable)
rPois    .         Spirit   .   (helmet restricted)
rElec    .         Reflect  .   (no cloak)
rCorr    .         Harm     .   (no gloves)
MR       .....                  (no boots)
Stlth    +.........             (no amulet)
HPRegen  0.15/turn              (no ring)
MPRegen  0.11/turn              m - ring of fire

@: no status effects
A: unfitting armour, cold-blooded, AC +6
a: Renounce Religion


You were on level 5 of the Dungeon.
You worshipped Kikubaaqudgha.
Kikubaaqudgha was noncommittal.
You were not hungry.

You visited 2 branches of the dungeon, and saw 6 of its levels.

You collected 132 gold pieces.

Inventory:

Missiles
 a - 57 arrows
Jewellery
 m - a ring of fire (right hand)
 z - a cursed ring of teleportation {unknown}
Wands
 u - a wand of random effects (27/48)
 x - a wand of polymorph (5/24)
 C - a wand of polymorph (13/24)
Scrolls
 h - 2 scrolls of enchant weapon {unknown}
 l - a scroll of blinking {unknown}
 n - 6 scrolls of teleportation
 o - 4 scrolls of remove curse
 y - 5 scrolls of identify {unknown}
 A - a scroll of random uselessness {unknown}
 D - a scroll of noise {unknown}
 H - a scroll of magic mapping {unknown}
 J - a scroll of fear {unknown}
Potions
 v - a potion of agility
 E - a potion of invisibility
 F - 2 potions of resistance {unknown}
 I - a potion of brilliance {unknown}
 K - a potion of magic
Books
 b - a book of Changes

   Spells                             Type                      Level
   a - Beastly Appendage              Transmutation                1
   b - Sticks to Snakes               Transmutation                2
   c - Spider Form                    Transmutation/Poison         3
   d - Ice Form                       Ice/Transmutation            4
   e - Blade Hands                    Transmutation                5
Comestibles
 c - 10 bread rations
 d - 3 fruits
 j - a royal jelly
 r - a meat ration


   Skills:
 - Level 1.1 Fighting
 - Level 1.7 Dodging
 + Level 5.5 Unarmed Combat
 - Level 2.0 Spellcasting
 + Level 4.7 Transmutations


You had 3 spell levels left.
You knew the following spells:

 Your Spells              Type           Power        Failure   Level  Hunger
a - Beastly Appendage     Tmut           ##....       3%          1    ##.....
b - Sticks to Snakes      Tmut           ##......     4%          2    ###....
c - Spider Form           Tmut/Pois      #.........   26%         3    ####...


Dungeon Overview and Level Annotations

Branches:
Dungeon (5/15)             Temple (1/1) D:4

Altars:
Ashenzari
Cheibriados
Dithmenos
Elyvilon
Gozag
Kikubaaqudgha
Makhleb
Nemelex Xobeh
Okawaru
Ru
Trog
Uskayaw
Vehumet
Wu Jian
Xom
Yredelemnul
Zin
The Shining One

Annotations:
D:5 sagitran's ghost, amateur DsAK


Innate Abilities, Weirdness & Mutations

Your plain brown scales are hard. (AC +6)
You cannot fit into any form of body armour.
You are cold-blooded and may be slowed by cold attacks.


Message History

The giant cockroach bites you but does no damage.
Your ball python closely misses sagitran's ghost.
The iguana barely misses you.
Sagitran's ghost gestures at you while chanting.
The flame tongue hits you! You resist.
You hit the giant cockroach.
You kill the giant cockroach!
Kikubaaqudgha accepts your kill.
Your ball python bites sagitran's ghost.
Your ball python closely misses sagitran's ghost.
The iguana bites you!
* * * LOW HITPOINT WARNING * * *
Sagitran's ghost gestures at you while chanting.
The flame tongue hits you! You resist.
* * * LOW HITPOINT WARNING * * *
Your ball python misses sagitran's ghost.
Your ball python closely misses sagitran's ghost.
The iguana bites you!
You die...
Kikubaaqudgha rasps: "You have failed me!
Welcome... death!"

..#........ ...
#.......?.#....
#.........#....
#.....=......
#...w.......
+..%..S.S.#
#......Wl.##..#
#@.....#
#†....##
#....PPPP
#....P$$$
#....P$$$
#....P$$$
#....PPPP
#.....###


You could see a worm, an iguana, sagitran's ghost and 2 friendly ball pythons.

Vanquished Creatures
  A bullfrog skeleton (D:4)
  A hound (D:4)
  An orc priest (D:3)
  Ijyb (D:3)
  A worker ant (D:4)
  A hound skeleton (D:4)
  Robin (D:4)
  4 gnolls (D:3)
  An adder (D:3)
  An ooze (D:1)
  An adder skeleton (D:3)
  2 worms
  3 dart slugs
  2 leopard geckos
  4 orcs
  6 giant cockroaches
  15 goblins
  13 hobgoblins
  A jackal (D:3)
  6 kobolds
  6 bats
  3 frilled lizards
  A jackal skeleton (D:4)
  7 rats
83 creatures vanquished.

Vanquished Creatures (collateral kills)
  2 adders (D:2)
  An orc (D:3)
  A hobgoblin (D:3)
  A quokka (D:2)
5 creatures vanquished.

Grand Total: 88 creatures vanquished

Notes
Turn   | Place    | Note
-------+----------+-------------------------------------------
     0 | D:1      | HAL9000 the Draconian Transmuter began the quest for the Orb.
     0 | D:1      | Reached XP level 1. HP: 16/16 MP: 3/3
   188 | D:1      | Reached XP level 2. HP: 7/23 MP: 3/5
   539 | D:1      | Learned a level 2 spell: Sticks to Snakes
  1097 | D:2      | Reached XP level 3. HP: 20/28 MP: 4/6
  1181 | D:2      | HP: 1/28 [poisoned by an adder]
  1501 | D:2      | Learned a level 3 spell: Spider Form
  1709 | D:2      | Reached skill level 4 in Unarmed Combat
  2715 | D:2      | Upgraded the game from 0.21-a0-110-g8e1637b to 0.21-a0-122-g43b3ea6
  2805 | D:3      | Noticed Ijyb
  2899 | D:3      | Reached XP level 4. HP: 30/35 MP: 0/7
  3146 | D:3      | Reached XP level 5. HP: 20/40 MP: 0/8
  3165 | D:3      | HP: 2/40 [poisoned by an adder]
  3173 | D:3      | HP: 1/40 [poisoned by an adder]
  3871 | D:3      | Killed Ijyb
  3871 | D:3      | Reached skill level 5 in Unarmed Combat
  4252 | D:4      | Found a staircase to the Ecumenical Temple.
  4281 | Temple   | Entered the Ecumenical Temple
  4291 | Temple   | Became a worshipper of Kikubaaqudgha
  4822 | D:4      | Noticed Robin
  4915 | D:4      | Killed Robin
  5039 | D:4      | Reached XP level 6. HP: 40/47 MP: 9/9
  5444 | D:5      | Entered Level 5 of the Dungeon
  5444 | D:5      | Noticed sagitran's ghost (amateur DsAK)
  5455 | D:5      | HP: 2/47 [sagitran's ghost/flame tongue (6)]
  5456 | D:5      | Mangled by an iguana

Vault maps used:
D:1:      lightli_arrival_flooded_house, serial_glass, glass_columns_a,
          glass_columns_a, glass_columns_a, glass_columns_a, glass_columns_b,
          glass_columns_a, due_unseen_surprise
D:3:      kb_forest_paths, first_bread, uniq_ijyb
D:4:      minmay_temple_entry_overgrown, uniq_robin
D:5:      grunt_qazlal_sundering, minmay_gold_behind_fungi,
          hangedman_decor_opposing, abandoned_shop, st_stairs_5
Temple:   nicolae_temple_no_exploring_needed

Skill      XL: |  1  2  3  4  5 |
---------------+----------------+-----
Transmutations | 3 4 |  4.7
Unarmed Combat | 4 5 |  5.5
Fighting       | |  1.1
Dodging        | |  1.7
Spellcasting   | |  2.0

Action                   |  1- 3 |  4- 6 || total
-------------------------+-------+-------++-------
Melee: Unarmed           |   136 |   202 ||   338
       Tailslap          |     6 |    19 ||    25
       Kick              |     5 |       ||     5
       Headbutt          |     1 |     1 ||     2
       Punch             |       |     1 ||     1
 Cast: Beastly Appendage |    22 |     1 ||    23
       Sticks to Snakes  |     6 |     6 ||    12
       Spider Form       |     2 |     9 ||    11
 Abil: End Transformatio |       |     5 ||     5
  Use: Potion            |     5 |     2 ||     7
       Scroll            |       |     2 ||     2
  Eat: Chunk             |     7 |     9 ||    16
       Fruit             |       |     2 ||     2
Armor: Skin              |    33 |    29 ||    62
Dodge: Dodged            |   103 |   120 ||   223
